 Dungeon Crawl Stone Soup version 0.24.0-1-gfbc8707 (webtiles) character file.

Game seed: 13313717649996020348, levelgen mode: deterministic

32 Buxparty the Sneak (level 3, 0/18 HPs)
             Began as a Spriggan Assassin on Jan 1, 2020.
             Slain by a worm (10 damage)
             ... on level 2 of the Dungeon.
             The game lasted 00:03:37 (2008 turns).

Buxparty the Sneak (Spriggan Assassin)              Turns: 2008, Time: 00:03:38

Health: 0/18       AC:  3    Str:  8    XL:     3   Next: 10%
Magic:  13/13      EV: 18    Int: 12    God:
Gold:   53         SH:  0    Dex: 17    Spells: 2/2 levels left

rFire    . . .     SeeInvis +   a - +2 dagger
rCold    . . .     Gourm    .   (shield restricted)
rNeg     . . .     Faith    .   b - +0 robe
rPois    .         Spirit   .   (helmet restricted)
rElec    .         Reflect  .   c - +0 cloak
rCorr    .         Harm     .   (gloves unavailable)
MR       .....                  (boots unavailable)
Stlth    +++.......             (no amulet)
HPRegen  0.06/turn              n - ring of magical power
MPRegen  0.13/turn              (no ring)

@: very quick
A: very small, unfitting armour, see invisible, herbivore, speed 3, slow
metabolism 2
a: no special abilities


You were on level 2 of the Dungeon.
You were not hungry.

You visited 1 branch of the dungeon, and saw 2 of its levels.

You collected 53 gold pieces.

Inventory:

Hand Weapons
 a - a +2 dagger (weapon)
 i - a +1 hunting sling of flaming
Missiles
 d - 8 poisoned darts (quivered)
 e - 2 curare-tipped darts
 k - 26 arrows
Armour
 b - a +0 robe (worn)
 c - a +0 cloak (worn)
Jewellery
 n - a ring of magical power (left hand)
Scrolls
 g - a scroll of enchant weapon {unknown}
 h - a scroll of magic mapping {unknown}
 l - a scroll of noise {unknown}
 m - 3 scrolls of identify {unknown}
 q - a scroll of immolation {unknown}
 r - a scroll of remove curse {unknown}
Potions
 j - 2 potions of flight {unknown}
 o - a potion of degeneration {unknown}
 p - a potion of curing {unknown}
Comestibles
 f - 4 rations


   Skills:
 - Level 1.5 Fighting
 + Level 2.8 Short Blades
 - Level 2.0 Throwing
 + Level 2.9 Dodging
 + Level 6.5 Stealth


You had 2 spell levels left.
You didn't know any spells.
Your spell library was empty.

Dungeon Overview and Level Annotations

Branches:
Dungeon (2/15)

Altars:


Innate Abilities, Weirdness & Mutations

You are very small and have problems with some larger weapons.
You are too small for most types of armour.
You have supernaturally acute eyesight. (SInv)
You are a herbivore.
You cover ground extremely quickly.
You need to consume almost no food.


Message History

You hit the bat.
The bat is severely wounded.
The bat barely misses you. The bat misses you.
Found a scroll labeled FONIAC POESMO.
You hit the bat.
You kill the bat!
A worm comes into view.
Found 15 bolts.
The worm bites you but does no damage.
You hit the worm but do no damage. You hit the worm.
The worm is lightly wounded.
The worm bites you!
You hit the worm but do no damage. You hit the worm.
The worm is lightly wounded.
The worm bites you!
Ouch! That really hurt!
You die...

############
####....w.....#
.......@......#
####?........(#
##..........#
#####...........#
................#
...####..........#
..........#########
...#####..........#
.....##........>.#


You could see a worm.

Vanquished Creatures
  An ooze (D:2)
  A dart slug (D:1)
  A leopard gecko (D:2)
  A ball python (D:2)
  A bat skeleton (D:2)
  2 giant cockroaches (D:1)
  3 goblins
  5 hobgoblins
  4 bats
  2 frilled lizards (D:2)
  2 kobolds
  2 rats
25 creatures vanquished.

Notes
Turn   | Place    | Note
-------+----------+-------------------------------------------
     0 | D:1      | Buxparty the Spriggan Assassin began the quest for the Orb.
     0 | D:1      | Reached XP level 1. HP: 10/10 MP: 2/2
   154 | D:1      | Reached skill level 6 in Stealth
   249 | D:1      | Reached XP level 2. HP: 9/14 MP: 3/3
  1768 | D:2      | Reached XP level 3. HP: 12/18 MP: 4/4
  2008 | D:2      | Slain by a worm

Levels and vault maps discovered:
D:1:      dpeg_arrival_stone_temple_mockup, layout_basic, minmay_misc_feat_five
D:2:      layout_rooms, serial_undead, serial_undead_a, serial_undead_e,
          serial_undead_a, serial_undead_f, guppyfry_early_lair_pool

Skill      XL: |  1 |
---------------+----+-----
Stealth        | 6 |  6.5
Dodging        | 2 |  2.9
Fighting       | |  1.5
Short Blades   | |  2.8
Throwing       | |  2.0

Action                   || total
-------------------------++-------
Melee: Dagger            ||    94
 Stab: Sleeping          ||     6
  Eat: Ration            ||     1
Armor: Robe              ||    18
Dodge: Dodged            ||   101
